 Dungeon Crawl Stone Soup version 0.29-a0-770-g2e8140cf71 (webtiles) character file.

Game seed: 14776644241533598105

907 Querens the Covered (level 8, -1/70 HPs)
             Began as a Meteoran Fighter on July 1, 2022.
             Slain by a gnoll sergeant
             ... wielding a +3 spear of freezing
              (5 damage)
             ... on level 5 of the Dungeon.
             The game lasted 00:07:30 (2186 turns).

Querens the Covered (Meteoran Fighter)              Turns: 2186, Time: 00:07:31

Health: -1/70      AC: 11    Str: 25    XL:     8   Next: 55%
Magic:  9/9        EV: 12    Int: 10    God:
Gold:   171        SH:  5    Dex: 14    Spells: 7/7 levels left

rFire   . . .      SeeInvis .   a - +0 war axe
rCold   . . .      Faith    .   c - +0 buckler
rNeg    . . .      Spirit   .   p - +0 chain mail
rPois   .          Reflect  .   (no helmet)
rElec   .          Harm     .   (no cloak)
rCorr   .          Rampage  .   (no gloves)
Will    +....                   m - +0 pair of boots
Stlth   ..........              (no amulet)
HPRegen 0.21/turn               u - +4 ring of evasion
MPRegen 0.11/turn               z - +6 ring of strength

@: glowing
A: sense surroundings 1, otherworldly, glowing, explore regen
a: no special abilities


You were on level 5 of the Dungeon.
You visited 1 branch of the dungeon, and saw 5 of its levels.

You collected 171 gold pieces.

Inventory:

Hand Weapons
 a - a +0 war axe (weapon)
 y - the +3 dagger "Jeffaiwn" {flame, rPois Will- SInv}
   (You found it on level 4 of the Dungeon)

   It burns those it strikes, dealing additional fire damage.
   rPois:     It protects you from poison.
   SInv:      It lets you see invisible.
   Will:      It decreases your willpower.
Missiles
 A - 4 silver javelins (quivered)
Armour
 c - a +0 buckler (worn)
 m - a +0 pair of boots (worn)
 p - a +0 chain mail (worn)
Jewellery
 u - a +4 ring of evasion (left hand)
 z - a +6 ring of strength (right hand)
 B - an amulet of magic regeneration
Wands
 x - a wand of light (7)
 C - a wand of flame (10)
 D - a wand of charming (5)
Scrolls
 b - 5 scrolls of silence {unknown}
 e - 2 scrolls of teleportation
 f - 2 scrolls of fear {unknown}
 g - 3 scrolls of immolation {unknown}
 l - 3 scrolls of identify {unknown}
 o - a scroll of torment {unknown}
 q - a scroll of noise {unknown}
 t - 2 scrolls of magic mapping {unknown}
 w - a scroll of enchant weapon {unknown}
Potions
 d - a potion of might
 h - a potion of magic {unknown}
 i - 3 potions of heal wounds {unknown}
 j - 2 potions of brilliance {unknown}
 k - a potion of mutation {unknown}
 n - a potion of berserk rage {unknown}
 r - a potion of flight {unknown}
 s - a potion of curing {unknown}
 v - 2 potions of degeneration {unknown}


   Skills:
 + Level 5.8 Fighting
 + Level 5.7 Axes
 + Level 6.5 Armour
 + Level 6.4 Shields


You had 7 spell levels left.
You didn't know any spells.
Your spell library contained the following spells:

 Spells                   Type           Power      Damage    Failure   Level
 Poisonous Vapours        Pois/Air       0%         N/A       99%         2
 Gell's Gravitas          Tloc           0%         N/A       100%        3
 Teleport Other           Tloc           0%         N/A       100%        3
 Corpse Rot               Necr/Pois/Air  0%         N/A       100%        4
 Dispersal                Tloc           0%         N/A       100%        6


Dungeon Overview and Level Annotations

Branches:
Dungeon (5/15) Zot: 679
 Temple: D:4-7

Altars:
Hepliaklqana

Shops:
D:5 (


Innate Abilities, Weirdness & Mutations

You passively map a small area around you.
You are easily found by Zot.
You glow in the dark.
You regain HP and MP as you explore.


Message History

The gnoll sergeant hits you from afar with a +3 spear of freezing.
The gnoll sergeant freezes you.
Unknown command.
Unknown command.
You struggle against the net.
The gnoll hits you with a +0 whip of electrocution.
The gnoll barely misses you. The gnoll hits you but does no damage.
The gnoll sergeant hits you from afar with a +3 spear of freezing!
The gnoll sergeant freezes you.
You rip the net and break free!
The gnoll hits you with a +0 whip of electrocution!
The gnoll hits you but does no damage. The gnoll hits you with a +0 whip.
* * * LOW HITPOINT WARNING * * *
The gnoll sergeant hits you from afar with a +3 spear of freezing.
* * * LOW HITPOINT WARNING * * *
The gnoll sergeant freezes you.
* * * LOW HITPOINT WARNING * * *
Unknown command.
The gnoll attacks as you move away! The gnoll hits you but does no damage.
The gnoll hits you with a +0 club.
* * * LOW HITPOINT WARNING * * *
The gnoll closely misses you.
The gnoll throws a throwing net.
The throwing net hits you.
You become entangled in the net!
You see here a throwing net.
You tear a large gash into the net.
The gnoll completely misses you.
You struggle against the net.
The gnoll hits you but does no damage.
Unknown command.
Unknown command.
You struggle against the net.
The gnoll hits you but does no damage. The gnoll completely misses you.
Unknown command.
Unknown command.
You rip the net and break free!
The gnoll hits you but does no damage. The gnoll hits you with a +0 club.
* * * LOW HITPOINT WARNING * * *
The gnoll sergeant hits you from afar with a +3 spear of freezing!
* * * LOW HITPOINT WARNING * * *
The gnoll sergeant freezes you.
You die...

#..## #...* *
#####..# #..#
#..##..# ##..#
#...†..########..#*
##..............#*
** ,
##.....######..##
#.....# #...#
###..#### ##.g##
##..### #@gg# #..##
##g.## ..## **
*#######g..# .# ,
..........# #
,,......g##.#
....### ## * ###*


You could see a gnoll sergeant and 4 gnolls.

Vanquished Creatures
  An ice beast (D:5)
  A centaur (D:5)
  A phantom (D:5)
  A scorpion (D:5)
  A jelly (D:5)
  5 hounds
  3 iguanas
  Terence (D:3)
  An orc wizard (D:4)
  6 gnolls
  14 adders
  4 worms
  3 dart slugs
  19 orcs
  4 bats
  8 endoplasms
  6 giant cockroaches
  5 hobgoblins
  2 jackals (D:1)
  2 kobolds
  A quokka (D:2)
  7 ball pythons
  2 frilled lizards
  5 goblins
  4 rats
107 creatures vanquished.

Notes
Turn   | Place    | Note
-------+----------+-------------------------------------------
     0 | D:1      | Querens the Meteoran Fighter began the quest for the Orb.
     0 | D:1      | Reached XP level 1. HP: 19/19 MP: 2/2
    95 | D:1      | Reached XP level 2. HP: 26/26 MP: 3/3
   168 | D:1      | Found a faded altar of an unknown god.
   486 | D:1      | Glimpsed the power of Zot.
   501 | D:2      | Reached XP level 3. HP: 31/31 MP: 4/4
   546 | D:2      | Reached XP level 4. HP: 33/40 MP: 5/5
   696 | D:2      | Reached XP level 5. HP: 44/46 MP: 6/6
  1055 | D:3      | Noticed Terence
  1065 | D:3      | Killed Terence
  1371 | D:3      | Reached XP level 6. HP: 39/52 MP: 7/7
  1451 | D:4      | Reached skill level 5 in Armour
  1476 | D:4      | Noticed an ogre
  1541 | D:4      | Reached skill level 5 in Shields
  1695 | D:4      | Identified the +3 dagger "Jeffaiwn" {flame, rPois Will-
                  | SInv}
  1701 | D:4      | Found a hazy altar of Hepliaklqana.
  1720 | D:4      | Reached XP level 7. HP: 47/60 MP: 8/8
  1836 | D:5      | Entered Level 5 of the Dungeon
  1842 | D:5      | Reached skill level 5 in Fighting
  1897 | D:5      | Reached skill level 5 in Axes
  1921 | D:5      | Reached XP level 8. HP: 58/68 MP: 9/9
  1973 | D:5      | Found Teratif's Antique Weapon Shoppe.
  2186 | D:5      | Slain by a gnoll sergeant

Illustrated notes

Levels and vault maps discovered:
D:1:      dpeg_arrival_tiny_h, layout_loops_ring,
          hellmonk_ecumenical_altar_lost_god
D:2:      layout_rooms, minmay_ruptured
D:3:      layout_basic, uniq_terence
D:4:      layout_basic, lemuel_crystal_altar
D:5:      layout_cave_pods, serial_shops, shop_statue, bh_walls_and_bars

Skill      XL: |  1  2  3  4  5  6  7  8 |
---------------+-------------------------+-----
Armour         | 4 5 6 |  6.5
Shields        | 4 5 6 |  6.4
Axes           | 3 4 5 |  5.7
Fighting       | 4 5 |  5.8

Action                   |  1- 3 |  4- 6 |  7- 9 || total
-------------------------+-------+-------+-------++-------
Melee: War axe           |    57 |   231 |   106 ||   394
  Use: Scroll            |       |     1 |       ||     1
Armor: Scale mail        |    29 |    22 |       ||    51
       Chain mail        |       |   120 |    70 ||   190
Dodge: Dodged            |    16 |    95 |    69 ||   180
Block: Buckler           |    24 |    63 |    35 ||   122

Table legend: (Time is in decaauts)
 A = Elapsed time spent in this place.
 B = Non-inter-level travel time spent in this place.
 C = Inter-level travel time spent in this place.
 D = Time resting spent in this place.
 E = Time spent auto-exploring this place.
 F = Levels seen in this place.
 G = Mean time per level.
                   A        B        C        D        E       F      G
               +--------+--------+--------+--------+--------+-----+--------+
         Total |   2319 |   2267 |     52 |      0 |      0 |   5 |  463.8 |
       Dungeon |   2319 |   2267 |     52 |      0 |      0 |   5 |  463.8 |
               +--------+--------+--------+--------+--------+-----+--------+

Top non-repeatable levels by time:
     D:3: 578 daAuts
     D:1: 510 daAuts
     D:4: 446 daAuts
     D:2: 414 daAuts
     D:5: 369 daAuts
